AoeStats
← KKony

Pilgrims

509992312Analyzed
2v2 RM · 3d ago on Sep 28, 2026· 34m 13s· 4 players
Game mode
Random Map
Map size
Medium (4 player)
Population
200
Speed
Normal
Resources
Standard
Victory
Conquest
Starting age
Dark Age
Ending age
Imperial Age
RankedLock teamsTeams togetherTeam positionsShared explorationLock speedFull tech treeHidden civsTurbo modeCheats
Victory
Defeat
🇺🇸 Cumans · United States
898
+15
🇨🇦 Dravidians · Canada
860
+17
🇺🇸 Franks · United States
896
-17
🇺🇸 Dravidians · United States
856
-15
KKony
9:17 Loom
11:37 Feudal Age
15:24 Double-Bit Axe
16:51 Gold Mining
19:44 Castle Age
18:57 Forging
20:22 Scale Barding Armor
22:29 Wheelbarrow
33:44 Iron Casting
gketchum12
12:34 Feudal Age
13:04 Loom
13:12 Arson
13:14 Double-Bit Axe
13:17 Fishing Lines
25:06 Castle Age
24:50 Forging
25:49 Scale Mail Armor
25:52 Caravan
26:06 Medium Warships
26:18 Gillnets
28:52 Fletching
29:39 Pikeman
31:08 Wheelbarrow
30:53 Bodkin Arrow
32:29 Iron Casting
33:28 Hand Cart
34:29 Herbal Medicine
SadPlay
11:31 Feudal Age
12:45 Fishing Lines
13:46 Double-Bit Axe
15:45 Wheelbarrow
20:46 Castle Age
23:26 Steppe Husbandry
23:19 Fletching
25:08 Bow Saw
31:20 Ballistics
30:55 Murder Holes
31:01 Gillnets
31:39 Gold Mining
33:35 Gold Shaft Mining
33:22 Hand Cart
saleemsak
12:35 Feudal Age
13:43 Fishing Lines
22:48 Castle Age
22:14 Forging
22:04 Scale Mail Armor
22:09 Scale Barding Armor
22:23 Man-at-Arms
23:07 Light Cavalry
23:48 Husbandry
25:07 Chain Mail Armor
25:12 Chain Barding Armor
25:15 Pikeman
25:56 Squires
25:39 Horse Collar
25:58 Gillnets
26:46 Medium Warships
30:32 Iron Casting
30:21 Double-Bit Axe
30:26 Town Watch
31:22 Wheelbarrow
31:26 Gold Mining
31:32 Gambesons
31:32 Arson
32:00 Thumb Ring
31:23 Crossbowman
33:30 Hand Cart
33:17 Town Patrol
33:11 Stone Mining
Connection lost

Rejoining the realm…

Still unreachable

The connection could not be restored.

Session expired

The server has moved on; the page needs a fresh start.